| TOP OF THE 1ST |
|
Syracuse Chiefs batting - Pitching for El Paso Chihuahuas : LHP Ryan Tatum
|
|
Pitching: LHP Ryan Tatum
|
|
|
Batting: RHB Niek de Haan
|
0-0: Called Strike 0-1: Called Strike 0-2: Ball 1-2: Fly out, F9 (Line Drive, 9LM, EV 87.5 MPH)
|
|
Batting: RHB Dusty Ballard
|
0-0: Foul Ball, location: 2F 0-1: Foul Ball, location: 2F 0-2: Ball 1-2: Foul Ball, location: 2F 1-2: Foul Ball, location: 2F 1-2: Strikes out swinging
|
|
Batting: RHB Nate Dickinson
|
0-0: Ball 1-0: Called Strike 1-1: Swinging Strike 1-2: Strikes out looking
|
| Top of the 1st over - 0 runs, 0 hits, 0 errors, 0 left on base; Syracuse 0 - El Paso 0 |
| BOTTOM OF THE 1ST |
|
El Paso Chihuahuas batting - Pitching for Syracuse Chiefs : RHP Sam Wood
|
|
Pitching: RHP Sam Wood
|
|
|
Batting: RHB Steve Martin
|
0-0: Ball 1-0: Called Strike 1-1: Ground out U3 (Groundball, 34, EV 103.8 MPH)
|
|
Batting: RHB Danny Bunn
|
0-0: Called Strike 0-1: Ball 1-1: Ball 2-1: Swinging Strike 2-2: Fly out, F9 (Flyball, 89D, EV 106.9 MPH)
|
|
Batting: SHB Devin Hottenstein
|
0-0: Ball 1-0: Ball 2-0: Ball 3-0: Base on Balls
|
|
Batting: RHB Juan Martinez
|
0-0: Called Strike 0-1: DOUBLE (Flyball, 8LXD, EV 110.0 MPH) Devin Hottenstein to third
|
|
Batting: LHB Joseph Martin
|
0-0: Called Strike 0-1: Swinging Strike 0-2: Ball 1-2: Foul Ball, location: 2F 1-2: Ball 2-2: Ball 3-2: Foul Ball, location: 2F 3-2: Base on Balls
|
|
Batting: LHB David Seminario
|
0-0: Ball 1-0: Ball 2-0: Ball 3-0: Called Strike 3-1: Base on Balls Devin Hottenstein scores Juan Martinez to third Joseph Martin to second
|
|
Batting: RHB Antonio Medina
|
0-0: Ball 1-0: Called Strike 1-1: Ball 2-1: Foul Ball, location: 2F 2-2: Ball 3-2: Foul Ball, location: 2F 3-2: Strikes out looking
|
| Bottom of the 1st over - 1 run, 1 hit, 0 errors, 3 left on base; Syracuse 0 - El Paso 1 |
| TOP OF THE 2ND |
|
Syracuse Chiefs batting - Pitching for El Paso Chihuahuas : LHP Ryan Tatum
|
|
Batting: LHB Jae-ik Soung
|
0-0: SINGLE (Line Drive, 8LS, EV 88.1 MPH)
|
|
Batting: RHB Adam Burke
|
0-0: Called Strike 0-1: Ball 1-1: Ball 2-1: Ball 3-1: Swinging Strike 3-2: Ground out 6-3 (Groundball, 6, EV 102.5 MPH) Jae-ik Soung to second
|
|
Batting: LHB Dillon Gonzalez
|
0-0: Ball 1-0: Called Strike 1-1: Foul Ball, location: 2F 1-2: Strikes out swinging
|
|
Batting: RHB Donovan Auclair
|
0-0: DOUBLE (Flyball, 78XD, EV 103.1 MPH) Jae-ik Soung scores
|
|
Batting: RHB Ke-yue Hong
|
0-0: Swinging Strike 0-1: Foul Ball, location: 2F 0-2: Ball 1-2: Ground out U3 (Groundball, 3, EV 81.2 MPH)
|
| Top of the 2nd over - 1 run, 2 hits, 0 errors, 1 left on base; Syracuse 1 - El Paso 1 |
| BOTTOM OF THE 2ND |
|
El Paso Chihuahuas batting - Pitching for Syracuse Chiefs : RHP Sam Wood
|
|
Batting: RHB Kiril Emeshin
|
0-0: Called Strike 0-1: Ball 1-1: Ball 2-1: SINGLE (Groundball, 56, EV 85.0 MPH) (infield hit)
|
|
Batting: LHB Josh Slusarczyk
|
0-0: Called Strike 0-1: Foul Ball, location: 2F 0-2: Ball 1-2: Ball 2-2: Ball 3-2: Base on Balls Kiril Emeshin to second
|
|
Batting: RHB Steve Martin
|
0-0: Called Strike 0-1: Fly out, F9 (Flyball, 9LMF, EV 78.8 MPH)
|
|
Batting: RHB Danny Bunn
|
0-0: Ball 1-0: Ball 2-0: Foul Ball, location: 2F 2-1: Foul Ball, location: 2F 2-2: Ball 3-2: Base on Balls Kiril Emeshin to third Josh Slusarczyk to second
|
|
Batting: SHB Devin Hottenstein
|
0-0: Called Strike 0-1: Ball 1-1: Swinging Strike 1-2: Foul Ball, location: 2F 1-2: Ball 2-2: Strikes out swinging
|
|
Batting: RHB Juan Martinez
|
0-0: SINGLE (Groundball, 56, EV 96.9 MPH) Kiril Emeshin scores Josh Slusarczyk to third Danny Bunn to second Runner from 3rd tries for Home, SAFE, throw by LF to home
|
|
Batting: LHB Joseph Martin
|
0-0: Ground out 3-1 (Groundball, 34S, EV 78.8 MPH)
|
| Bottom of the 2nd over - 2 runs, 2 hits, 0 errors, 2 left on base; Syracuse 1 - El Paso 3 |
| TOP OF THE 3RD |
|
Syracuse Chiefs batting - Pitching for El Paso Chihuahuas : LHP Ryan Tatum
|
|
Batting: RHB Brennan Cameron
|
0-0: Called Strike 0-1: Ball 1-1: Ball 2-1: Ball 3-1: Ground out 5-3 (Groundball, 15, EV 86.2 MPH)
|
|
Batting: RHB Niek de Haan
|
0-0: Ball 1-0: Ball 2-0: Called Strike 2-1: Foul Ball, location: 2F 2-2: SINGLE (Line Drive, 5D, EV 98.1 MPH)
|
|
Batting: RHB Dusty Ballard
|
0-0: Swinging Strike 0-1: Ball 1-1: Called Strike 1-2: Foul Ball, location: 2F 1-2: Fly out, F8 (Flyball, 8RS, EV 86.9 MPH)
|
|
Batting: RHB Nate Dickinson
|
0-0: Swinging Strike 0-1: Called Strike Niek de Haan steals 2nd base 0-2: Ball 1-2: Strikes out swinging
|
| Top of the 3rd over - 0 runs, 1 hit, 0 errors, 1 left on base; Syracuse 1 - El Paso 3 |
| BOTTOM OF THE 3RD |
|
El Paso Chihuahuas batting - Pitching for Syracuse Chiefs : RHP Sam Wood
|
|
Batting: LHB David Seminario
|
0-0: Ball 1-0: Ball 2-0: Called Strike 2-1: Foul Ball, location: 2F 2-2: Ball 3-2: Base on Balls
|
|
Batting: RHB Antonio Medina
|
0-0: Fly out, F7 (Flyball, 7S, EV 86.2 MPH)
|
|
Batting: RHB Kiril Emeshin
|
0-0: Called Strike David Seminario steals 2nd, throwing error, E2 David Seminario to third 0-1: SINGLE (Groundball, 6, EV 97.5 MPH) David Seminario scores
|
|
Batting: LHB Josh Slusarczyk
|
0-0: Called Strike 0-1: TRIPLE (Flyball, 8RXD, EV 105.6 MPH) Kiril Emeshin scores
|
|
Pitching: RHP Danny Newbegin
|
|
|
Batting: RHB Steve Martin
|
0-0: Foul Ball, location: 2F 0-1: Foul Ball, location: 2F 0-2: Ball 1-2: Strikes out swinging
|
|
Batting: RHB Danny Bunn
|
0-0: Called Strike 0-1: Ball 1-1: Ball 2-1: Ground out 6-3 (Groundball, 6, EV 85.0 MPH)
|
| Bottom of the 3rd over - 2 runs, 2 hits, 1 error, 1 left on base; Syracuse 1 - El Paso 5 |
| TOP OF THE 4TH |
|
Syracuse Chiefs batting - Pitching for El Paso Chihuahuas : LHP Ryan Tatum
|
|
Batting: LHB Jae-ik Soung
|
0-0: Ball 1-0: Ball 2-0: Foul Ball, location: 2F 2-1: Foul Ball, location: 2F 2-2: Strikes out looking
|
|
Batting: RHB Adam Burke
|
0-0: Foul Ball, location: 2F 0-1: Ball 1-1: Ground out 5-3 (Groundball, 5S, EV 81.9 MPH)
|
|
Batting: LHB Dillon Gonzalez
|
0-0: Called Strike 0-1: Ball 1-1: Ball 2-1: Foul Ball, location: 2F 2-2: Foul Ball, location: 2F 2-2: Foul Ball, location: 2F 2-2: Foul Ball, location: 2F 2-2: Fly out, F7 (Line Drive, 78M, EV 94.4 MPH)
|
| Top of the 4th over - 0 runs, 0 hits, 0 errors, 0 left on base; Syracuse 1 - El Paso 5 |
| BOTTOM OF THE 4TH |
|
El Paso Chihuahuas batting - Pitching for Syracuse Chiefs : RHP Danny Newbegin
|
|
Batting: SHB Devin Hottenstein
|
0-0: Ball 1-0: Ball 2-0: Swinging Strike 2-1: Foul Ball, location: 2F 2-2: Foul Ball, location: 2F 2-2: SINGLE (Flyball, 9LS, EV 90.6 MPH)
|
|
Batting: RHB Juan Martinez
|
0-0: Ball 1-0: Foul Ball, location: 2F 1-1: Foul Ball, location: 2F 1-2: Foul Ball, location: 2F 1-2: Ball 2-2: Foul Ball, location: 2F 2-2: Ball 3-2: Foul Ball, location: 2F 3-2: Base on Balls Devin Hottenstein to second
|
|
Batting: LHB Joseph Martin
|
0-0: Ball 1-0: Ball 2-0: Foul Ball, location: 2F 2-1: Fly out, F4 (Popup, 4S, EV 73.8 MPH)
|
|
Batting: LHB David Seminario
|
0-0: Foul Ball, location: 2F 0-1: DOUBLE (Groundball, 3L, EV 100.0 MPH) Devin Hottenstein scores Juan Martinez to third Runner from 3rd tries for Home, SAFE, no throw by RF
|
|
Batting: RHB Antonio Medina
|
0-0: Ball 1-0: Ball 2-0: Ball 3-0: Called Strike 3-1: Foul Ball, location: 2F 3-2: Foul Ball, location: 2F 3-2: Base on Balls
|
|
Batting: RHB Kiril Emeshin
|
0-0: Ball 1-0: Foul Ball, location: 2F 1-1: Called Strike 1-2: Ball 2-2: Ground out U3 (Groundball, 3S, EV 63.8 MPH) David Seminario to third Antonio Medina to second
|
|
Batting: LHB Josh Slusarczyk
|
0-0: Ball 1-0: Foul Ball, location: 2F 1-1: SINGLE (Groundball, 6MD, EV 104.4 MPH) David Seminario scores Antonio Medina to third Runner from 3rd tries for Home, throw by CF and OUT! 8-2
|
| Bottom of the 4th over - 3 runs, 3 hits, 0 errors, 1 left on base; Syracuse 1 - El Paso 8 |
| TOP OF THE 5TH |
|
Syracuse Chiefs batting - Pitching for El Paso Chihuahuas : LHP Ryan Tatum
|
|
Batting: RHB Donovan Auclair
|
0-0: Ball 1-0: Called Strike 1-1: Ball 2-1: Called Strike 2-2: Ball 3-2: Strikes out swinging
|
|
Batting: RHB Ke-yue Hong
|
0-0: Foul Ball, location: 2F 0-1: Ground out 6-3 (Groundball, 6, EV 85.6 MPH)
|
|
Batting: RHB Brennan Cameron
|
0-0: Called Strike 0-1: SINGLE (Groundball, 6MD, EV 94.4 MPH)
|
|
Batting: RHB Niek de Haan
|
0-0: Called Strike 0-1: Foul Ball, location: 2F 0-2: Ground out 4-3 (Groundball, 4, EV 80.6 MPH)
|
| Top of the 5th over - 0 runs, 1 hit, 0 errors, 1 left on base; Syracuse 1 - El Paso 8 |
| BOTTOM OF THE 5TH |
|
El Paso Chihuahuas batting - Pitching for Syracuse Chiefs : RHP Danny Newbegin
|
|
Batting: RHB Steve Martin
|
0-0: Ball 1-0: Called Strike 1-1: Ball 2-1: Ball 3-1: Base on Balls
|
|
Pitching: RHP Ruben Nevarel
|
|
|
Batting: RHB Danny Bunn
|
0-0: Ball 1-0: Foul Ball, location: 2F 1-1: Foul Ball, location: 2F 1-2: Foul Ball, location: 2F 1-2: Ball 2-2: Ball 3-2: Strikes out swinging
|
|
Batting: SHB Devin Hottenstein
|
0-0: Called Strike 0-1: Hit by Pitch Steve Martin to second
|
|
Batting: RHB Juan Martinez
|
0-0: Called Strike 0-1: Called Strike 0-2: Strikes out swinging
|
|
Batting: LHB Joseph Martin
|
0-0: Called Strike 0-1: Ball 1-1: Swinging Strike 1-2: Ball 2-2: Foul Ball, location: 2F 2-2: Ball 3-2: Base on Balls Steve Martin to third Devin Hottenstein to second
|
|
Batting: LHB David Seminario
|
0-0: Called Strike 0-1: Ball 1-1: Ball 2-1: Ball 3-1: SINGLE (Groundball, 6MD, EV 108.1 MPH) Steve Martin scores Devin Hottenstein to third Joseph Martin to second Runner from 3rd tries for Home, SAFE, throw by CF to home
|
|
Batting: RHB Antonio Medina
|
0-0: Ball 1-0: Ball 2-0: Ball 3-0: Base on Balls Joseph Martin to third David Seminario to second
|
|
Pitching: LHP Mike Alcaraz
|
|
|
Batting: RHB Kiril Emeshin
|
0-0: Ball 1-0: Called Strike 1-1: Ball 2-1: Swinging Strike 2-2: Foul Ball, location: 2F 2-2: Foul Ball, location: 2F 2-2: Ball 3-2: Foul Ball, location: 2F 3-2: Strikes out swinging
|
| Bottom of the 5th over - 2 runs, 1 hit, 0 errors, 3 left on base; Syracuse 1 - El Paso 10 |
| TOP OF THE 6TH |
|
Syracuse Chiefs batting - Pitching for El Paso Chihuahuas : LHP Ryan Tatum
|
|
Batting: RHB Dusty Ballard
|
0-0: Ball 1-0: Ball 2-0: Fly out, F7 (Flyball, 7, EV 78.8 MPH)
|
|
Batting: RHB Nate Dickinson
|
0-0: Called Strike 0-1: Called Strike 0-2: Foul Ball, location: 2F 0-2: Foul Ball, location: 2F 0-2: Ball 1-2: SINGLE (Groundball, 6, EV 108.8 MPH)
|
|
Batting: LHB Jae-ik Soung
|
0-0: Called Strike 0-1: Ball 1-1: Called Strike Nate Dickinson steals 2nd base (no throw) 1-2: 2-RUN HOME RUN (Flyball, 7D, EV 105.0 MPH), Distance : 389 ft
|
|
Batting: RHB Adam Burke
|
0-0: Ball 1-0: Ball 2-0: Called Strike 2-1: Ball 3-1: Ground out 5-3 (Groundball, 5, EV 106.9 MPH)
|
|
Batting: LHB Dillon Gonzalez
|
0-0: Called Strike 0-1: Ball 1-1: Called Strike 1-2: Foul Ball, location: 2F 1-2: Ball 2-2: Strikes out swinging
|
| Top of the 6th over - 2 runs, 2 hits, 0 errors, 0 left on base; Syracuse 3 - El Paso 10 |
| BOTTOM OF THE 6TH |
|
El Paso Chihuahuas batting - Pitching for Syracuse Chiefs : LHP Mike Alcaraz
|
|
Batting: LHB Josh Slusarczyk
|
0-0: Called Strike 0-1: Ball 1-1: Ball 2-1: Ball 3-1: Foul Ball, location: 2F 3-2: Foul Ball, location: 2F 3-2: Foul Ball, location: 2F 3-2: Base on Balls
|
|
Batting: RHB Steve Martin
|
0-0: Foul Ball, location: 2F 0-1: Foul Ball, location: 2F 0-2: SINGLE (Groundball, 34D, EV 98.8 MPH) Josh Slusarczyk to second Runner from 2nd tries for 3rd, SAFE, throw by RF made at trailing runner, OUT! 9-6
|
|
Pitching: RHP Johnny Marquez
|
|
|
Batting: RHB Danny Bunn
|
0-0: Ball 1-0: Ball 2-0: Ball 3-0: Called Strike 3-1: SINGLE (Groundball, 6MD, EV 98.8 MPH) Josh Slusarczyk scores
|
|
Batting: SHB Devin Hottenstein
|
0-0: Ball 1-0: Ball 2-0: Ball 3-0: Base on Balls Danny Bunn to second
|
|
Batting: RHB Juan Martinez
|
0-0: Ball 1-0: SINGLE (Line Drive, 56D, EV 98.1 MPH) Danny Bunn to third Devin Hottenstein to second
|
|
Batting: LHB Joseph Martin
|
0-0: Swinging Strike 0-1: Foul Ball, location: 2F 0-2: Ball 1-2: Ball Wild Pitch! Danny Bunn scores Devin Hottenstein to third Juan Martinez to second 2-2: Foul Ball, location: 2F 2-2: Foul Ball, location: 2F 2-2: Ball 3-2: SINGLE (Groundball, 4D, EV 104.4 MPH) Devin Hottenstein scores Juan Martinez to third
|
|
Pitching: RHP Bill Stump
|
|
|
Batting: LHB David Seminario
|
0-0: Foul Ball, location: 2F 0-1: Ball 1-1: Ball 2-1: Ball 3-1: Called Strike 3-2: Foul Ball, location: 2F 3-2: Strikes out swinging
|
|
Batting: RHB Antonio Medina
|
0-0: Foul Ball, location: 2F 0-1: Ball 1-1: Foul Ball, location: 2F 1-2: SINGLE (Line Drive, 78M, EV 95.6 MPH) Juan Martinez scores Joseph Martin to second
|
|
Batting: RHB Kiril Emeshin
|
0-0: Ball 1-0: Fielders Choice at 2nd, 5-4 (Groundball, 56, EV 85.6 MPH)
|
| Bottom of the 6th over - 4 runs, 5 hits, 0 errors, 2 left on base; Syracuse 3 - El Paso 14 |
| TOP OF THE 7TH |
|
Syracuse Chiefs batting - Pitching for El Paso Chihuahuas : LHP Ryan Tatum
|
|
Pitching: LHP Matt Wojtkiewicz
|
|
|
Batting: RHB Donovan Auclair
|
0-0: Foul Ball, location: 2F 0-1: Ball 1-1: Foul Ball, location: 2F 1-2: Foul Ball, location: 2F 1-2: Ball 2-2: Strikes out swinging
|
|
Batting: RHB Ke-yue Hong
|
0-0: Ball 1-0: Called Strike 1-1: SINGLE (Line Drive, 78M, EV 108.8 MPH)
|
|
Batting: RHB Brennan Cameron
|
0-0: Ball 1-0: Called Strike Ke-yue Hong steals 2nd base (no throw) 1-1: Foul Ball, location: 2F 1-2: Strikes out swinging
|
|
Batting: RHB Niek de Haan
|
0-0: Swinging Strike 0-1: Ball 1-1: Swinging Strike 1-2: Strikes out swinging
|
| Top of the 7th over - 0 runs, 1 hit, 0 errors, 1 left on base; Syracuse 3 - El Paso 14 |
| BOTTOM OF THE 7TH |
|
El Paso Chihuahuas batting - Pitching for Syracuse Chiefs : RHP Bill Stump
|
|
Batting: LHB Josh Slusarczyk
|
0-0: Called Strike 0-1: Foul Ball, location: 2F 0-2: Ball 1-2: Ball 2-2: Strikes out looking
|
|
Pitching: RHP Dana McDonald
|
|
|
Batting: RHB Steve Martin
|
0-0: Ball 1-0: Ball 2-0: Ball 3-0: Called Strike 3-1: Foul Ball, location: 2F 3-2: Ground out 4-3 (Groundball, 4, EV 105.6 MPH)
|
|
Batting: RHB Danny Bunn
|
0-0: Called Strike 0-1: Swinging Strike 0-2: Ball 1-2: Foul Ball, location: 2F 1-2: Strikes out swinging
|
| Bottom of the 7th over - 0 runs, 0 hits, 0 errors, 0 left on base; Syracuse 3 - El Paso 14 |
| TOP OF THE 8TH |
|
Syracuse Chiefs batting - Pitching for El Paso Chihuahuas : LHP Matt Wojtkiewicz
|
|
Batting: RHB Dusty Ballard
|
0-0: Ball 1-0: Called Strike 1-1: Ball 2-1: Ball 3-1: Swinging Strike 3-2: Strikes out swinging
|
|
Batting: RHB Nate Dickinson
|
0-0: Foul Ball, location: 2F 0-1: Ball 1-1: Swinging Strike 1-2: Strikes out looking
|
|
Batting: LHB Jae-ik Soung
|
0-0: Foul Ball, location: 2F 0-1: Ball 1-1: Foul Ball, location: 2F 1-2: Foul Ball, location: 2F 1-2: Ground out 6-3 (Groundball, 6M, EV 90.0 MPH)
|
| Top of the 8th over - 0 runs, 0 hits, 0 errors, 0 left on base; Syracuse 3 - El Paso 14 |
| BOTTOM OF THE 8TH |
|
El Paso Chihuahuas batting - Pitching for Syracuse Chiefs : RHP Dana McDonald
|
|
Batting: SHB Devin Hottenstein
|
0-0: Fly out, F9 (Flyball, 89M, EV 95.6 MPH)
|
|
Batting: RHB Juan Martinez
|
0-0: Called Strike 0-1: Ball 1-1: SINGLE (Line Drive, 78S, EV 91.2 MPH)
|
|
Batting: LHB Joseph Martin
|
0-0: Swinging Strike 0-1: Swinging Strike 0-2: Ball 1-2: Fielders Choice at 2nd, 5-4 (Groundball, 56S, EV 81.2 MPH)
|
|
Batting: LHB David Seminario
|
0-0: Fly out, F5 (Popup, 25, EV 78.1 MPH)
|
| Bottom of the 8th over - 0 runs, 1 hit, 0 errors, 1 left on base; Syracuse 3 - El Paso 14 |
| TOP OF THE 9TH |
|
Syracuse Chiefs batting - Pitching for El Paso Chihuahuas : LHP Matt Wojtkiewicz
|
|
Batting: RHB Adam Burke
|
0-0: Ball 1-0: Ball 2-0: Ball 3-0: Called Strike 3-1: Called Strike 3-2: Base on Balls
|
|
Batting: LHB Dillon Gonzalez
|
0-0: Called Strike 0-1: Swinging Strike 0-2: Ball 1-2: Strikes out looking
|
|
Batting: RHB Donovan Auclair
|
0-0: Foul Ball, location: 2F 0-1: Foul Ball, location: 2F 0-2: Ball 1-2: Foul Ball, location: 2F 1-2: Strikes out swinging
|
|
Batting: RHB Ke-yue Hong
|
0-0: Called Strike 0-1: Ball 1-1: Ball 2-1: Ball 3-1: Swinging Strike 3-2: Base on Balls Adam Burke to second
|
|
Batting: RHB Brennan Cameron
|
0-0: Foul Ball, location: 2F 0-1: Called Strike 0-2: Ball 1-2: Ball 2-2: Fly out, F8 (Flyball, 8LM, EV 83.8 MPH)
|
| Top of the 9th over - 0 runs, 0 hits, 0 errors, 2 left on base; Syracuse 3 - El Paso 14 |
|